Match 47235438
Unlisted

Match 47235438
End
Kradschützen Motorcycle Team
Selects Battlefield Espionage Battlegroup
Panzergrenadier Squad
Panzergrenadier Squad
Construct Light Support Kompanie
2.5-tonne Medical Truck
Selects Intel Disruption Beacon
Fire Support Elements
Panzerjäger Mechanized Group
Flakvierling Half-track
Veteran Squad Leaders
Construct Panzerarmee Kommand
Selects Transfer Depots
Selects Firestorm
Panzerjäger Squad
Firestorm
Walking Stuka Rocket Launcher
Selects 250/3 Funkpanzerwagen
Panzergrenadier Squad
Firestorm
Pak 38 Mechanized Group
Selects Anti-Tank Incendiary Munitions
Armored Reserves
Firestorm
Pak 38 Anti-tank Gun Team
Pak 38 Anti-tank Gun Team
[PD] [9C] [FT] Claudius Tacitus
Nico-Nico-Nii~~
samurai.g
Calm
kakaot
DawarudoDestroya
ElakeFisk
只因你太美
0
0

Comments sign in to comment!

No comments posted yet!